| TOP OF THE 1ST |
|
Charlotte Knights batting - Pitching for Buffalo Bisons : RHP Gabe Nalley
|
|
Pitching: RHP Gabe Nalley
|
|
|
Batting: LHB Adam Tarbutton
|
0-0: Swinging Strike 0-1: Swinging Strike 0-2: Foul Ball, location: 2F 0-2: Ball 1-2: Ball 2-2: Foul Ball, location: 2F 2-2: Ground out 4-3 (Groundball, 4, EV 79.4 MPH)
|
|
Batting: LHB Carlos Ramirez
|
0-0: Ball 1-0: Swinging Strike 1-1: Ball 2-1: Fly out, F8 (Line Drive, 8LD, EV 104.4 MPH)
|
|
Batting: LHB Joe Kirkland
|
0-0: Ball 1-0: Called Strike 1-1: Ball 2-1: Foul Ball, location: 2F 2-2: Foul Ball, location: 2F 2-2: Foul Ball, location: 2F 2-2: Ball 3-2: Strikes out swinging
|
| Top of the 1st over - 0 runs, 0 hits, 0 errors, 0 left on base; Charlotte 0 - Buffalo 0 |
| BOTTOM OF THE 1ST |
|
Buffalo Bisons batting - Pitching for Charlotte Knights : RHP Alfie Bungledorf
|
|
Pitching: RHP Alfie Bungledorf
|
|
|
Batting: RHB Alex Ramos
|
0-0: Called Strike 0-1: Ball 1-1: Foul Ball, location: 2F 1-2: Ball 2-2: Ball 3-2: Base on Balls
|
|
Batting: RHB Michel Martineau
|
0-0: Ball 1-0: Grounds into double play, 5-4-3 (Groundball, 56S, EV 91.2 MPH)
|
|
Batting: SHB Dominik Hasek II
|
0-0: Ball 1-0: Ball 2-0: SINGLE (Groundball, 4MD, EV 95.0 MPH)
|
|
Batting: RHB Kyle Scruggs
|
0-0: Ball 1-0: Ball 2-0: Called Strike 2-1: Ball Dominik Hasek II is caught stealing 2nd base 2-4
|
| Bottom of the 1st over - 0 runs, 1 hit, 0 errors, 0 left on base; Charlotte 0 - Buffalo 0 |
| TOP OF THE 2ND |
|
Charlotte Knights batting - Pitching for Buffalo Bisons : RHP Gabe Nalley
|
|
Batting: RHB Vic Lucatero
|
0-0: Ball 1-0: Ground out 6-3 (Groundball, 56D, EV 103.8 MPH)
|
|
Batting: LHB Ricardo Pagan
|
0-0: Called Strike 0-1: Fly out, F7 (Flyball, 7, EV 85.0 MPH)
|
|
Batting: RHB Fletcher Easter
|
0-0: SINGLE (Line Drive, 7LM, EV 96.9 MPH)
|
|
Batting: SHB Matt Childers
|
0-0: Foul Ball, location: 2F 0-1: Ball 1-1: Ball 2-1: Ball 3-1: Foul Ball, location: 2F 3-2: Strikes out swinging
|
| Top of the 2nd over - 0 runs, 1 hit, 0 errors, 1 left on base; Charlotte 0 - Buffalo 0 |
| BOTTOM OF THE 2ND |
|
Buffalo Bisons batting - Pitching for Charlotte Knights : RHP Alfie Bungledorf
|
|
Batting: RHB Kyle Scruggs
|
0-0: Called Strike 0-1: Ball 1-1: Fly out, F8 (Flyball, 78M, EV 79.4 MPH)
|
|
Batting: LHB Gabe Pace
|
0-0: Called Strike 0-1: Foul Ball, location: 2F 0-2: Fly out, F7 (Flyball, 78M, EV 92.5 MPH)
|
|
Batting: RHB Leo Mair
|
0-0: Ball 1-0: Called Strike 1-1: Ball 2-1: Foul Ball, location: 2F 2-2: Ground out 5-3 (Groundball, 56S, EV 68.8 MPH)
|
| Bottom of the 2nd over - 0 runs, 0 hits, 0 errors, 0 left on base; Charlotte 0 - Buffalo 0 |
| TOP OF THE 3RD |
|
Charlotte Knights batting - Pitching for Buffalo Bisons : RHP Gabe Nalley
|
|
Batting: RHB Kikuo Sato
|
0-0: Ball 1-0: Ball 2-0: Fly out, F2 (Popup, 2RF, EV 88.8 MPH)
|
|
Batting: RHB Steve Waltenbery
|
0-0: Swinging Strike 0-1: Foul Ball, location: 2F 0-2: Ball 1-2: Ball 2-2: Foul Ball, location: 2F 2-2: Strikes out swinging
|
|
Batting: LHB Adam Tarbutton
|
0-0: Swinging Strike 0-1: Ball 1-1: Called Strike 1-2: Ball 2-2: Foul Ball, location: 2F 2-2: Strikes out looking
|
| Top of the 3rd over - 0 runs, 0 hits, 0 errors, 0 left on base; Charlotte 0 - Buffalo 0 |
| BOTTOM OF THE 3RD |
|
Buffalo Bisons batting - Pitching for Charlotte Knights : RHP Alfie Bungledorf
|
|
Batting: RHB Väinö Tapaninen
|
0-0: Hit by Pitch
|
|
Batting: RHB Frank Caulfield
|
0-0: Called Strike Väinö Tapaninen steals 2nd base 0-1: Foul Ball, location: 2F 0-2: Ground out 6-3 (Groundball, 6, EV 102.5 MPH)
|
|
Batting: RHB Bryan Peterson
|
0-0: Called Strike 0-1: Called Strike 0-2: Ball 1-2: SINGLE (Groundball, 6S, EV 68.1 MPH) (infield hit) Väinö Tapaninen to third
|
|
Batting: RHB Alex Ramos
|
0-0: Ball Bryan Peterson steals 2nd base 1-0: Foul Ball, location: 2F 1-1: Ground out 5-3 (Groundball, 56, EV 103.1 MPH) Väinö Tapaninen scores
|
|
Batting: RHB Michel Martineau
|
0-0: Ball 1-0: Ball 2-0: Ball 3-0: Base on Balls
|
|
Batting: SHB Dominik Hasek II
|
0-0: Ball 1-0: Ball 2-0: Ground out 4-3 (Groundball, 4, EV 86.9 MPH)
|
| Bottom of the 3rd over - 1 run, 1 hit, 0 errors, 2 left on base; Charlotte 0 - Buffalo 1 |
| TOP OF THE 4TH |
|
Charlotte Knights batting - Pitching for Buffalo Bisons : RHP Gabe Nalley
|
|
Batting: LHB Carlos Ramirez
|
0-0: Called Strike 0-1: Swinging Strike 0-2: Ground out U3 (Groundball, 3, EV 106.2 MPH)
|
|
Batting: LHB Joe Kirkland
|
0-0: Foul Ball, location: 2F 0-1: Ball 1-1: Ball 2-1: Foul Ball, location: 2F 2-2: Foul Ball, location: 2F 2-2: Strikes out swinging
|
|
Batting: RHB Vic Lucatero
|
0-0: Ball 1-0: Called Strike 1-1: Swinging Strike 1-2: Foul Ball, location: 2F 1-2: Foul Ball, location: 2F 1-2: Strikes out looking
|
| Top of the 4th over - 0 runs, 0 hits, 0 errors, 0 left on base; Charlotte 0 - Buffalo 1 |
| BOTTOM OF THE 4TH |
|
Buffalo Bisons batting - Pitching for Charlotte Knights : RHP Alfie Bungledorf
|
|
Batting: RHB Kyle Scruggs
|
0-0: Foul Ball, location: 2F 0-1: Ball 1-1: Foul Ball, location: 2F 1-2: Foul Ball, location: 2F 1-2: Ball 2-2: Strikes out swinging
|
|
Batting: LHB Gabe Pace
|
0-0: Ball 1-0: Called Strike 1-1: Ball 2-1: Ball 3-1: Fly out, F7 (Line Drive, 7S, EV 98.1 MPH)
|
|
Batting: RHB Leo Mair
|
0-0: Called Strike 0-1: Fly out, F9 (Flyball, 9LM, EV 89.4 MPH)
|
| Bottom of the 4th over - 0 runs, 0 hits, 0 errors, 0 left on base; Charlotte 0 - Buffalo 1 |
| TOP OF THE 5TH |
|
Charlotte Knights batting - Pitching for Buffalo Bisons : RHP Gabe Nalley
|
|
Batting: LHB Ricardo Pagan
|
0-0: Ball 1-0: Ground out 4-3 (Groundball, 4, EV 102.5 MPH)
|
|
Batting: RHB Fletcher Easter
|
0-0: Called Strike 0-1: Called Strike 0-2: Foul Ball, location: 2F 0-2: Ball 1-2: Strikes out swinging
|
|
Batting: SHB Matt Childers
|
0-0: Called Strike 0-1: DOUBLE (Line Drive, 5D, EV 94.4 MPH)
|
|
Batting: RHB Kikuo Sato
|
0-0: Foul Ball, location: 2F 0-1: Ball 1-1: Called Strike 1-2: Foul Ball, location: 2F 1-2: Ball 2-2: Strikes out swinging
|
| Top of the 5th over - 0 runs, 1 hit, 0 errors, 1 left on base; Charlotte 0 - Buffalo 1 |
| BOTTOM OF THE 5TH |
|
Buffalo Bisons batting - Pitching for Charlotte Knights : RHP Alfie Bungledorf
|
|
Batting: RHB Väinö Tapaninen
|
0-0: Called Strike 0-1: SOLO HOME RUN (Flyball, 78XD, EV 99.4 MPH), Distance : 404 ft
|
|
Batting: RHB Frank Caulfield
|
0-0: Ball 1-0: Called Strike 1-1: Swinging Strike 1-2: Ground out 6-3 (Groundball, 6M, EV 81.9 MPH)
|
|
Batting: RHB Bryan Peterson
|
0-0: Ball 1-0: Ball 2-0: Ball 3-0: Called Strike 3-1: Base on Balls
|
|
Batting: RHB Alex Ramos
|
0-0: Called Strike 0-1: Ball Bryan Peterson is caught stealing 2nd base 2-4 1-1: Fly out, F9 (Line Drive, 9S, EV 98.8 MPH)
|
| Bottom of the 5th over - 1 run, 1 hit, 0 errors, 0 left on base; Charlotte 0 - Buffalo 2 |
| TOP OF THE 6TH |
|
Charlotte Knights batting - Pitching for Buffalo Bisons : RHP Gabe Nalley
|
|
Batting: RHB Steve Waltenbery
|
0-0: Ball 1-0: Ball 2-0: Called Strike 2-1: Ball 3-1: SINGLE (Flyball, 78S, EV 86.9 MPH)
|
|
Batting: LHB Adam Tarbutton
|
0-0: Foul Ball, location: 2F 0-1: Ball 1-1: Foul Ball, location: 2F 1-2: Foul Ball, location: 2F 1-2: Ball 2-2: Strikes out swinging
|
|
Batting: LHB Carlos Ramirez
|
0-0: Called Strike 0-1: Foul Ball, location: 2F 0-2: Ball 1-2: Strikes out looking
|
|
Batting: LHB Joe Kirkland
|
0-0: Called Strike Steve Waltenbery steals 2nd base (no throw) 0-1: Ball 1-1: Ball 2-1: Ball 3-1: Base on Balls
|
|
Batting: RHB Vic Lucatero
|
0-0: Called Strike 0-1: Ball 1-1: Ball 2-1: SINGLE (Groundball, 34D, EV 109.4 MPH) Steve Waltenbery to third Joe Kirkland to second Runner from 3rd tries for Home, SAFE, throw by RF to home
|
|
Batting: LHB Ricardo Pagan
|
0-0: Ball 1-0: Called Strike 1-1: Foul Ball, location: 2F 1-2: Ball 2-2: Strikes out swinging
|
| Top of the 6th over - 1 run, 2 hits, 0 errors, 2 left on base; Charlotte 1 - Buffalo 2 |
| BOTTOM OF THE 6TH |
|
Buffalo Bisons batting - Pitching for Charlotte Knights : RHP Alfie Bungledorf
|
|
Batting: RHB Michel Martineau
|
0-0: Hit by Pitch
|
|
Batting: SHB Dominik Hasek II
|
0-0: Called Strike Michel Martineau steals 2nd base 0-1: Foul Ball, location: 2F 0-2: Strikes out looking
|
|
Batting: RHB Kyle Scruggs
|
0-0: Ball 1-0: Ball 2-0: Ball 3-0: Called Strike 3-1: Ground out 6-3 (Groundball, 6, EV 87.5 MPH) Michel Martineau to third
|
|
Batting: LHB Gabe Pace
|
0-0: Fly out, F9 (Flyball, 89D, EV 108.8 MPH)
|
| Bottom of the 6th over - 0 runs, 0 hits, 0 errors, 1 left on base; Charlotte 1 - Buffalo 2 |
| TOP OF THE 7TH |
|
Charlotte Knights batting - Pitching for Buffalo Bisons : RHP Gabe Nalley
|
|
Pitching: RHP Chris Kroesen
|
|
|
Batting: RHB Fletcher Easter
|
0-0: Ball 1-0: Ball 2-0: Fly out, F7 (Flyball, 7D, EV 101.9 MPH)
|
|
Batting: SHB Matt Childers
|
0-0: Swinging Strike 0-1: Swinging Strike 0-2: Ball 1-2: Ball 2-2: Strikes out looking
|
|
Batting: RHB Kikuo Sato
|
0-0: Called Strike 0-1: Foul Ball, location: 2F 0-2: Ball 1-2: Foul Ball, location: 2F 1-2: Ball 2-2: Strikes out looking
|
| Top of the 7th over - 0 runs, 0 hits, 0 errors, 0 left on base; Charlotte 1 - Buffalo 2 |
| BOTTOM OF THE 7TH |
|
Buffalo Bisons batting - Pitching for Charlotte Knights : RHP Alfie Bungledorf
|
|
Batting: RHB Leo Mair
|
0-0: Ball 1-0: Fly out, F8 (Flyball, 8LD, EV 105.6 MPH)
|
|
Batting: RHB Väinö Tapaninen
|
0-0: Foul Ball, location: 2F 0-1: Ball 1-1: Foul Ball, location: 2F 1-2: Fly out, F8 (Line Drive, 8RM, EV 88.8 MPH)
|
|
Batting: RHB Frank Caulfield
|
0-0: Fly out, F7 (Flyball, 7, EV 85.0 MPH)
|
| Bottom of the 7th over - 0 runs, 0 hits, 0 errors, 0 left on base; Charlotte 1 - Buffalo 2 |
| TOP OF THE 8TH |
|
Charlotte Knights batting - Pitching for Buffalo Bisons : RHP Chris Kroesen
|
|
Batting: RHB Steve Waltenbery
|
0-0: Called Strike 0-1: Called Strike 0-2: Foul Ball, location: 2F 0-2: Ball 1-2: Ball 2-2: Strikes out swinging
|
|
Batting: LHB Adam Tarbutton
|
0-0: Ball 1-0: Called Strike 1-1: Ball 2-1: Foul Ball, location: 2F 2-2: Foul Ball, location: 2F 2-2: Hit by Pitch
|
|
Batting: LHB Carlos Ramirez
|
0-0: Ball 1-0: Called Strike 1-1: Foul Ball, location: 2F 1-2: Strikes out swinging
|
|
Batting: LHB Joe Kirkland
|
0-0: Swinging Strike 0-1: Swinging Strike 0-2: Ball 1-2: Ball 2-2: Fly out, F4 (Line Drive, 3D, EV 70.6 MPH)
|
| Top of the 8th over - 0 runs, 0 hits, 0 errors, 1 left on base; Charlotte 1 - Buffalo 2 |
| BOTTOM OF THE 8TH |
|
Buffalo Bisons batting - Pitching for Charlotte Knights : RHP Alfie Bungledorf
|
|
Batting: RHB Bryan Peterson
|
0-0: Ball 1-0: Called Strike 1-1: Fly out, F9 (Flyball, 9LS, EV 87.5 MPH)
|
|
Batting: RHB Alex Ramos
|
0-0: Foul Ball, location: 2F 0-1: Fly out, F8 (Line Drive, 8RD, EV 86.2 MPH)
|
|
Batting: RHB Michel Martineau
|
0-0: Called Strike 0-1: Foul Ball, location: 2F 0-2: Foul Ball, location: 2F 0-2: Ball 1-2: Strikes out looking
|
| Bottom of the 8th over - 0 runs, 0 hits, 0 errors, 0 left on base; Charlotte 1 - Buffalo 2 |
| TOP OF THE 9TH |
|
Charlotte Knights batting - Pitching for Buffalo Bisons : RHP Chris Kroesen
|
|
Pitching: LHP Julio Gonzalez
|
|
|
Batting: RHB Vic Lucatero
|
0-0: Foul Ball, location: 2F 0-1: SOLO HOME RUN (Flyball, 7LD, EV 95.0 MPH), Distance : 338 ft
|
|
Pinch Hitting: RHB Ron Johansen
|
0-0: Called Strike 0-1: Ball 1-1: Ball 2-1: Swinging Strike 2-2: Strikes out swinging
|
|
Batting: RHB Fletcher Easter
|
0-0: Called Strike 0-1: Ball 1-1: Called Strike 1-2: Foul Ball, location: 2F 1-2: Foul Ball, location: 2F 1-2: Ball 2-2: Ball 3-2: Foul Ball, location: 2F 3-2: Base on Balls
|
|
Pinch Hitting: RHB Micah Brown
|
0-0: Ball 1-0: Foul Ball, location: 2F 1-1: Ball 2-1: Fielders Choice at 2nd, 1-6 (Groundball, 34S, EV 67.5 MPH)
|
|
Batting: RHB Kikuo Sato
|
0-0: Fielders Choice at 2nd, 5-4 (Groundball, 5, EV 78.1 MPH)
|
| Top of the 9th over - 1 run, 1 hit, 0 errors, 1 left on base; Charlotte 2 - Buffalo 2 |
| BOTTOM OF THE 9TH |
|
Buffalo Bisons batting - Pitching for Charlotte Knights : RHP Alfie Bungledorf
|
|
Now at C: Micah Brown
|
|
|
Now at 3B: Danny Longoria
|
|
|
Batting: SHB Dominik Hasek II
|
0-0: Ball 1-0: DOUBLE (Line Drive, 9LM, EV 102.5 MPH)
|
|
Pinch Hitting: LHB Rodrigo Briceno
|
0-0: Ball 1-0: Fly out, F8 (Line Drive, 8LD, EV 89.4 MPH)
|
|
Batting: LHB Gabe Pace
|
0-0: Ball 1-0: Ball 2-0: Fly out, F7 (Flyball, 78D, EV 98.1 MPH)
|
|
Pitching: RHP Tommy Benedict
|
|
|
Batting: RHB Leo Mair
|
0-0: Ball 1-0: Ball 2-0: Ball 3-0: Called Strike 3-1: Base on Balls
|
|
Batting: RHB Väinö Tapaninen
|
0-0: Ball 1-0: Fly out, F4 (Popup, 4M, EV 68.8 MPH)
|
| Bottom of the 9th over - 0 runs, 1 hit, 0 errors, 2 left on base; Charlotte 2 - Buffalo 2 |
| TOP OF THE 10TH |
|
Charlotte Knights batting - Pitching for Buffalo Bisons : LHP Julio Gonzalez
|
|
Now at 3B: Leo Mair
|
|
|
Now at SS: John Loving
|
|
|
Batting: RHB Steve Waltenbery
|
0-0: Swinging Strike 0-1: Ball 1-1: Swinging Strike 1-2: Strikes out looking
|
|
Pinch Hitting: RHB Jeremy Hoffert
|
0-0: Called Strike 0-1: Foul Ball, location: 2F 0-2: Foul Ball, location: 2F 0-2: Ball 1-2: Foul Ball, location: 2F 1-2: Ball 2-2: Ball 3-2: TRIPLE (Flyball, 89XD, EV 103.8 MPH)
|
|
Batting: LHB Carlos Ramirez
|
0-0: Ball 1-0: Ball 2-0: DOUBLE (Groundball, 3L, EV 105.0 MPH) Jeremy Hoffert scores
|
|
Batting: LHB Joe Kirkland
|
0-0: Called Strike 0-1: Ball 1-1: Ground out U3 (Groundball, 3, EV 88.1 MPH) Carlos Ramirez to third
|
|
Batting: RHB Vic Lucatero
|
0-0: Called Strike 0-1: Called Strike 0-2: Foul Ball, location: 2F 0-2: Strikes out swinging
|
| Top of the 10th over - 1 run, 2 hits, 0 errors, 1 left on base; Charlotte 3 - Buffalo 2 |
| BOTTOM OF THE 10TH |
|
Buffalo Bisons batting - Pitching for Charlotte Knights : RHP Tommy Benedict
|
|
Pitching: RHP Dave McGee
|
|
|
Now in LF: Jeremy Hoffert
|
|
|
Batting: RHB Frank Caulfield
|
0-0: Ball 1-0: Called Strike 1-1: Foul Ball, location: 2F 1-2: Ground out 6-3 (Groundball, 56S, EV 64.4 MPH)
|
|
Batting: RHB Bryan Peterson
|
0-0: Ball 1-0: Called Strike 1-1: Ground out 6-3 (Groundball, 4M, EV 85.0 MPH)
|
|
Batting: RHB Alex Ramos
|
0-0: Ball 1-0: Ball 2-0: Ball 3-0: Called Strike 3-1: Base on Balls
|
|
Batting: RHB Michel Martineau
|
0-0: Ball 1-0: Called Strike Alex Ramos steals 2nd base 1-1: Ball 2-1: Foul Ball, location: 2F 2-2: Strikes out swinging
|
| Bottom of the 10th over - 0 runs, 0 hits, 0 errors, 1 left on base; Charlotte 3 - Buffalo 2 |
|